 Dungeon Crawl Stone Soup version 0.31.0-1-g2c135a008e (webtiles) character file.

Game seed: 6541377791952120427

539 qw the Shooter (level 7, 0/50 HPs)
             Began as a Djinni Hunter on Jan 23, 2024.
             Incinerated by a bombardier beetle (1 damage)
             ... with a burning spray
             ... on level 5 of the Dungeon.
             The game lasted 00:00:13 (2648 turns).

qw the Shooter (Djinni Hunter)                      Turns: 2648, Time: 00:00:14

Health: 0/50       AC:  9    Str: 10    XL:     7   Next: 51%
Gold:   142        EV: 11    Int: 10    God:
                   SH:  0    Dex: 19

rFire   + + .        a - +0 shortbow
rCold   . . .        (shield currently unavailable)
rNeg    . . .        f - +0 ring mail
rPois   inf          (no helmet)
rElec   .            g - +2 cloak
rCorr   .            (no gloves)
SInv    .            (boots unavailable)
Will    .....        (no amulet)
Stlth   +            p - ring of protection from cold
HPRegen 0.28/turn    (no ring)
MPRegen 0.00/turn

%: infuse magic (-1 HP)
@: on fire, flying, glowing
A: sickness immunity, fire resistance 2, cold vulnerability 1, float, innate
caster, HP casting, extra vitality 1
a: no special abilities


You were on level 5 of the Dungeon.
You visited 1 branch of the dungeon, and saw 5 of its levels.

You collected 142 gold pieces.


Innate Abilities, Weirdness & Mutations

You are immune to sickness and miasma.
You are immune to poison.
Your flesh is very heat resistant. (rF++)
You are vulnerable to cold. (rC-)
You float through the air rather than walking.
You learn spells naturally, not from books.
Your magical power is your life essence.
You have superior vitality. (+4 MHP)


   Skills:
 + Level 3.3 Fighting
 - Level 5.1 Ranged Weapons
 - Level 4.3 Armour
 - Level 3.2 Dodging
 - Level 0.7 Stealth


You knew the following spells:

 Your Spells              Type           Power      Damage    Failure   Level
a - Sandblast             Erth           0%         2d4       65%         1
b - Static Discharge      Conj/Air       0%         3-3/arc   80%         2
c - Scorch                Fire           0%         2d5       80%         2
Your spell library was empty.

Inventory:

Hand Weapons
 a - a +0 shortbow (weapon)
Armour
 e - the +0 leather armour of Insatiable Hunger {Str+4 Dex+4}
   (You found it on level 5 of the Dungeon)

   Str+4:     It affects your strength (+4).
   Dex+4:     It affects your dexterity (+4).
 f - a +0 ring mail (worn)
 g - a +2 cloak (worn)
Jewellery
 p - a ring of protection from cold (left hand)
Scrolls
 c - 3 scrolls of enchant armour
Potions
 b - a potion of berserk rage {unknown}
 d - a potion of curing
 k - a potion of might
 l - a potion of haste {unknown}
 m - a potion of magic {unknown}
 n - a potion of degeneration {unknown}

Dungeon Overview and Level Annotations

Branches:
Dungeon (5/15)
 Temple: D:4-7

Altars:
Ru


Message History

The arrow barely misses the bombardier beetle.
The liquid fire burns you! The gnoll barely misses you.
The bombardier beetle closely misses you.
You shoot an arrow.
The arrow hits the bombardier beetle but does no damage.
The bombardier beetle is almost dead.
The liquid fire burns you! The gnoll misses you.
The bombardier beetle sprays incendiary fluid at you.
The burning spray hits you.
You are even more covered in liquid fire!
You shoot an arrow.
The arrow closely misses the bombardier beetle.
The liquid fire burns you!
The gnoll hits you from afar with a +1 spear of freezing.
The gnoll freezes you.
The gnoll hits you from afar with a +1 spear of freezing.
The gnoll freezes you.
The bombardier beetle sprays incendiary fluid at you.
The burning spray hits you.
You are even more covered in liquid fire!
You shoot an arrow. The arrow hits the bombardier beetle!
You kill the bombardier beetle!
The liquid fire burns you! The gnoll hits you but does no damage.
Your Dodging skill increases to level 3!
You shoot an arrow. The arrow hits the gnoll.
The gnoll is moderately wounded.
The liquid fire burns you! The gnoll closely misses you.
You shoot an arrow. The arrow barely misses the gnoll.
The liquid fire burns you!
The gnoll hits you from afar with a +1 spear of freezing.
The gnoll freezes you.
The gnoll hits you from afar with a +1 spear of freezing.
The gnoll freezes you.
You shoot an arrow. The arrow closely misses the gnoll.
The liquid fire burns you!
You die...

. ...# #. #..#
#.##..# #.....# .
#.....# ### #.
#..g.)# ...+
#..##....%##....#
.........@......#
..........#######
..>......(# ^..
..####'###....
#...........
#........... ...
#.......###+
...#####.......#
#........##+###


You could see a gnoll.

Vanquished Creatures
  Sigmund (D:2)
  An ogre (D:5)
  2 bombardier beetles (D:5)
  A hound (D:4)
  A sleepcap (D:4)
  2 iguanas (D:5)
  2 gnolls (D:5)
  5 adders
  2 dart slugs
  A ribbon worm (D:5)
  4 orcs
  5 bats
  9 endoplasms
  2 giant cockroaches (D:1)
  3 hobgoblins
  3 jackals (D:4)
  7 kobolds
  A quokka (D:1)
  4 ball pythons
  A frilled lizard (D:3)
  4 goblins
  A rat (D:2)
62 creatures vanquished.

Notes
Turn   | Place    | Note
-------+----------+-------------------------------------------
     0 | D:1      | qw the Djinni Hunter began the quest for the Orb.
     0 | D:1      | Reached XP level 1. HP: 18/18 MP: 0/0
     0 | D:1      | 0 ||| qw: Version: 0.3-a-136-gdd3b4e8
     0 | D:1      | 0 ||| qw: Game counter: 1043
     0 | D:1      | 0 ||| qw: Melee chars always use a shield: true
     0 | D:1      | 0 ||| qw: God list: Okawaru
     0 | D:1      | 0 ||| qw: Allow faded altars: false
     0 | D:1      | 0 ||| qw: Do Orc after clearing Dungeon:15 true
     0 | D:1      | 0 ||| qw: Do second Lair branch before Depths: true
     0 | D:1      | 0 ||| qw: Lair rune preference: random
     0 | D:1      | 0 ||| qw: Goals: Normal
     0 | D:1      | 0 ||| PLANNING D:1-11
   150 | D:1      | Reached XP level 2. HP: 23/23 MP: 0/0
   558 | D:1      | Reached skill level 4 in Ranged Weapons
   558 | D:1      | Reached XP level 3. HP: 28/28 MP: 0/0
   558 | D:1      | Learned a level 1 spell: Sandblast
   638 | D:1      | 638 ||| UPGRADING to +0 ring mail.
   648 | D:1      | 648 ||| DROPPING +0 leather armour.
   649 | D:1      | 649 ||| UPGRADING to +0 cloak.
   654 | D:1      | 654 ||| READING scroll labelled BUOZXUOSEN.
   654 | D:1      | 654 ||| ENCHANTING +0 cloak.
   655 | D:1      | 655 ||| READING scroll labelled IFRUHI YNIEW.
   659 | D:1      | 659 ||| READING scroll labelled YCOCEX COTO.
   660 | D:1      | 660 ||| DRINKING 2 glowing purple potions.
   695 | D:1      | 695 ||| DROPPING scroll of butterflies.
   696 | D:1      | 696 ||| DROPPING potion of lignification.
   893 | D:2      | Identified the +3 dagger "Doaru" {protect, rF- rC++ Dex+3}
   939 | D:2      | Noticed Sigmund
   943 | D:2      | 943 ||| DRINKING brown potion.
   944 | D:2      | 944 ||| DRINKING 2 green potions.
   952 | D:2      | Killed Sigmund
   953 | D:2      | Reached XP level 4. HP: 29/33 MP: 0/0
   953 | D:2      | Reached XP level 5. HP: 33/38 MP: 0/0
   953 | D:2      | Learned a level 2 spell: Static Discharge
   986 | D:2      | You are sucked into a shaft and drop 1 floor!
  1005 | D:3      | Reached XP level 6. HP: 41/43 MP: 0/0
  1012 | D:3      | Identified the +7 hand axe "Xudaxa" {venom, rF+ rC+}
  1020 | D:3      | 1020 ||| READING 3 scrolls of enchant armour.
  1020 | D:3      | 1020 ||| ENCHANTING +1 cloak.
  1069 | D:3      | 1069 ||| READING scroll labelled VIDODD YLYGAD.
  1143 | D:3      | 1143 ||| READING scroll labelled DOVVUDW KESUEPN.
  1144 | D:3      | 1144 ||| READING scroll labelled SOSKIO MOWO.
  1145 | D:3      | 1145 ||| READING scroll labelled TINGOANN WAIM.
  1146 | D:3      | 1146 ||| READING scroll labelled JIAFEI RU XIA.
  1147 | D:3      | 1147 ||| DRINKING 2 puce potions.
  1148 | D:3      | 1148 ||| DROPPING potion of attraction.
  1734 | D:4      | Reached skill level 3 in Fighting
  2319 | D:4      | 2319 ||| UPGRADING to ring of protection from cold.
  2320 | D:4      | 2320 ||| READING scroll labelled EROIGO EVAFI.
  2321 | D:4      | 2321 ||| READING 2 scrolls labelled CIXZINW GAPAENK.
  2321 | D:4      | 2321 ||| IDENTIFYING sedimented black potion
  2322 | D:4      | 2322 ||| READING scroll of identify.
  2322 | D:4      | 2322 ||| IDENTIFYING ruby potion
  2323 | D:4      | 2323 ||| READING scroll labelled QIMUGEI WOFETZ.
  2324 | D:4      | 2324 ||| READING scroll labelled HUCZUR HOEPT.
  2347 | D:5      | Entered Level 5 of the Dungeon
  2357 | D:5      | Noticed an ogre
  2371 | D:5      | Killed an ogre
  2372 | D:5      | Reached XP level 7. HP: 17/50 MP: 0/0
  2372 | D:5      | Learned a level 2 spell: Scorch
  2380 | D:5      | HP: 8/50 [iguana (9)]
  2381 | D:5      | 2381 ||| READING scroll of teleportation.
  2381 | D:5      | HP: 2/50 [iguana (7)]
  2382 | D:5      | 2382 ||| DRINKING potion of heal wounds.
  2385 | D:5      | 2385 ||| FLEEEEING.
  2499 | D:5      | Reached skill level 5 in Ranged Weapons
  2584 | D:5      | Identified the +0 leather armour of Insatiable Hunger
                  | {Str+4 Dex+4}
  2598 | D:5      | Found a sacrificial altar of Ru.
  2646 | D:5      | Reached skill level 3 in Dodging
  2647 | D:5      | HP: 9/50 [gnoll/+1 spear of freezing (5)]
  2647 | D:5      | HP: 2/50 [gnoll/+1 spear of freezing (6)]
  2648 | D:5      | Incinerated by a bombardier beetle

Levels and vault maps discovered:
D:1:      dpeg_arrival_another_circle, layout_loops_ring
D:2:      layout_rooms, uniq_sigmund
D:3:      layout_basic, minmay_misc_feat_chi, item_on_display_a
D:4:      layout_gridville, wad_floor_pattern_2
D:5:      layout_gridville, mainiacjoe_overflow_tiny_flanked, led_sif_book

Skill      XL: |  1  2  3  4  5  6  7 |
---------------+----------------------+-----
Ranged Weapons | 4 5 |  5.1
Armour         | 4 |  4.3
Fighting       | 3 |  3.3
Dodging        | 3 |  3.2
Stealth        | |  0.7

Action                     |  1- 3 |  4- 6 |  7- 9 || total
---------------------------+-------+-------+-------++-------
   Fire: Shortbow          |    60 |   154 |    53 ||   267
    Use: Scroll            |     3 |    11 |     1 ||    15
         Potion            |     3 |     1 |     1 ||     5
 Armour: Leather armour    |     3 |       |       ||     3
         Ring mail         |     7 |    73 |    26 ||   106
  Dodge: Dodged            |     9 |    77 |    25 ||   111

Table legend:
 A = Non-vault XP
 B = Vault XP
 C = Vault XP percentage of total XP
 D = Non-vault monster count
 E = Vault monster count
 F = Vault count percentage of total count
                 A         B        C        D         E       F
            +---------+---------+-------+---------+---------+-------
      Total |     547 |     223 |  29.0 |      61 |       1 |   1.6
            +---------+---------+-------+---------+---------+-------
        D:1 |      32 |       0 |   0.0 |      17 |       0 |   0.0
        D:2 |       9 |     223 |  96.1 |       6 |       1 |  14.3
        D:3 |      63 |       0 |   0.0 |      14 |       0 |   0.0
        D:4 |     129 |       0 |   0.0 |      14 |       0 |   0.0
        D:5 |     314 |       0 |   0.0 |      10 |       0 |   0.0
            +---------+---------+-------+---------+---------+-------
